 Dungeon Crawl Stone Soup version 0.31-a0-246-g8cbcc1cb85 (webtiles) character file.

Game seed: 1278474380241903945

119 qw the Shooter (level 5, 0/30 HPs)
             Began as a Gargoyle Hexslinger on July 12, 2023.
             Slain by a gnoll
             ... wielding a +0 flail
              (8 damage)
             ... on level 3 of the Dungeon.
             The game lasted 00:00:33 (1445 turns).

qw the Shooter (Gargoyle Hexslinger)                Turns: 1445, Time: 00:00:34

Health: 0/30       AC:  7    Str: 11    XL:     5   Next: 3%
Magic:  6/6        EV: 12    Int: 14    God:
Gold:   75         SH:  0    Dex: 14    Spells: 5/6 levels left

rFire   . . .        Y - +2 sling
rCold   . . .        (no shield)
rNeg    + . .        c - +0 robe
rPois   inf          (no helmet)
rElec   +            (no cloak)
rCorr   .            (no gloves)
SInv    .            b - +0 pair of boots
Will    .....        (no amulet)
Stlth   +            (no ring)
HPRegen 0.25/turn    (no ring)
MPRegen 0.10/turn

%: no passive effects
@: no status effects
A: sickness immunity, AC +4, negative energy resistance 1, electricity
resistance, torment resistance 1, petrification resistance
a: no special abilities


You were on level 3 of the Dungeon.
You visited 1 branch of the dungeon, and saw 3 of its levels.

You collected 75 gold pieces.


Innate Abilities, Weirdness & Mutations

You are immune to sickness and miasma.
Your stone body is resilient. (AC +4)
You are immune to poison.
You resist negative energy. (rN+)
You are resistant to electric shocks. (rElec)
You are resistant to unholy torment.
You are immune to petrification.


   Skills:
 - Level 2.0 Fighting
 + Level 4.7 Ranged Weapons
 - Level 1.5 Dodging
 - Level 1.0 Spellcasting
 - Level 2.6 Hexes


You had 5 spell levels left.
You knew the following spells:

 Your Spells              Type           Power      Damage    Failure   Level
a - Slow                  Hex            32%        N/A       9%          1

Your spell library contained the following spells:

 Spells                   Type           Power      Damage    Failure   Level
 Inner Flame              Hex/Fire       4%         N/A       41%         3
 Portal Projectile        Hex/Tloc       8%         N/A       41%         3
 Cause Fear               Hex            4%         N/A       65%         4

Inventory:

Hand Weapons
 Y - a +2 sling (weapon)
Armour
 b - a +0 pair of boots (worn)
 c - a +0 robe (worn)
Scrolls
 a - a scroll of teleportation {unknown}
Potions
 d - a potion of heal wounds {unknown}
 e - a potion of degeneration {unknown}
 f - 2 potions of enlightenment
 g - a potion of curing {unknown}

Dungeon Overview and Level Annotations

Branches:
Dungeon (3/15)

Altars:


Message History

You shoot a sling bullet.
The sling bullet barely misses the gnoll.
You shoot a sling bullet. The sling bullet hits the gnoll.
The gnoll is almost dead.
You shoot a sling bullet. The sling bullet hits the gnoll.
You kill the gnoll!
An endoplasm comes into view.
You have reached level 5!
You shoot a sling bullet. The endoplasm quivers.
The sling bullet hits the hobgoblin!
You kill the hobgoblin!
You shoot a sling bullet. The sling bullet hits the endoplasm.
The endoplasm is lightly wounded.
You shoot a sling bullet. The sling bullet hits the endoplasm.
The endoplasm is severely wounded.
The endoplasm closely misses you.
You shoot a sling bullet. The sling bullet hits the endoplasm.
You kill the endoplasm!
You shoot a sling bullet.
The sling bullet closely misses the gnoll.
The gnoll hits you with a +0 flail!
You shoot a sling bullet. The sling bullet hits the gnoll.
The gnoll is moderately wounded.
The gnoll barely misses you. The gnoll completely misses you.
The gnoll hits you with a +0 flail.
You shoot a sling bullet.
The sling bullet closely misses the gnoll.
The gnoll barely misses you. x2
You shoot a sling bullet.
The sling bullet barely misses the gnoll.
The gnoll hits you with a +0 club. The gnoll completely misses you.
You shoot a sling bullet.
The sling bullet hits the gnoll but does no damage.
The gnoll is moderately wounded.
The gnoll hits you with a +0 club! The gnoll misses you.
You shoot a sling bullet. The sling bullet hits the gnoll!
The gnoll is almost dead.
The gnoll hits you but does no damage. The gnoll hits you with a +0 flail!
You die...

#.. .. .# ..
... . . .. ..
.#. #.
#.......
#..#.#.
##..[..
#...#g#
###...#@#
#.....g.#
#.......#
#.......#
##....###
#....# #
#.#.## .# #..
#.#.# #<## ##
#..#
#.#.#####...##


You could see 2 gnolls.

Vanquished Creatures
  Natasha (D:3)
  4 gnolls
  An adder (D:2)
  2 bats (D:2)
  5 endoplasms
  2 giant cockroaches
  2 hobgoblins
  5 kobolds
  5 quokkas
  11 ball pythons
  2 frilled lizards
  5 goblins
  3 rats (D:1)
48 creatures vanquished.

Notes
Turn   | Place    | Note
-------+----------+-------------------------------------------
     0 | D:1      | qw the Gargoyle Hexslinger began the quest for the Orb.
     0 | D:1      | Reached XP level 1. HP: 12/12 MP: 2/2
     0 | D:1      | 0 ||| qw: Version: 0.3-a-52-g30416fa
     0 | D:1      | 0 ||| qw: Game counter: 6322
     0 | D:1      | 0 ||| qw: Melee chars always use a shield: true
     0 | D:1      | 0 ||| qw: God list: Okawaru
     0 | D:1      | 0 ||| qw: Allow faded altars: false
     0 | D:1      | 0 ||| qw: Do Orc after clearing Dungeon:15 true
     0 | D:1      | 0 ||| qw: Do second Lair branch before Depths: true
     0 | D:1      | 0 ||| qw: Lair rune preference: random
     0 | D:1      | 0 ||| qw: Goals: Normal
     0 | D:1      | 0 ||| PLANNING D:1-11
   187 | D:1      | Reached XP level 2. HP: 15/16 MP: 3/3
   334 | D:1      | Reached skill level 3 in Ranged Weapons
   477 | D:1      | 477 ||| READING scroll labelled IJEBLA NOIST.
   478 | D:1      | 478 ||| DROPPING scroll of poison.
   539 | D:2      | Reached XP level 3. HP: 21/21 MP: 4/4
   902 | D:2      | Found a faded altar of an unknown god.
   967 | D:2      | Reached skill level 4 in Ranged Weapons
   967 | D:2      | Reached XP level 4. HP: 22/26 MP: 5/5
   976 | D:2      | HP: 5/26 [gnoll/+0 whip (6)]
  1239 | D:2      | 1239 ||| UPGRADING to +0 pair of boots.
  1244 | D:2      | 1244 ||| READING scroll labelled BAIVOS USOEGH.
  1245 | D:2      | 1245 ||| READING scroll labelled KEASUZAANU.
  1246 | D:2      | 1246 ||| DRINKING 3 puce potions.
  1328 | D:3      | Noticed Natasha
  1339 | D:3      | Killed Natasha
  1436 | D:3      | Reached XP level 5. HP: 30/30 MP: 6/6
  1445 | D:3      | Slain by a gnoll

Levels and vault maps discovered:
D:1:      shiori_arrival_maze, layout_basic
D:2:      layout_loops_ring, chequers_ecumenical_altar_island
D:3:      layout_loops_ring, jmf_multi_god_temple, hangedman_decor_points,
          hangedman_decor_slide_cut, uniq_natasha

Skill      XL: |  1  2  3 |
---------------+----------+-----
Ranged Weapons | 3 4 |  4.7
Fighting       | 2 |  2.0
Dodging        | |  1.5
Spellcasting   | |  1.0
Hexes          | |  2.6

Action                     |  1- 3 |  4- 6 || total
---------------------------+-------+-------++-------
   Fire: Sling             |    99 |    45 ||   144
    Use: Scroll            |     1 |     2 ||     3
         Potion            |       |     1 ||     1
 Armour: Robe              |    11 |     6 ||    17
  Dodge: Dodged            |    27 |    17 ||    44

Table legend:
 A = Non-vault XP
 B = Vault XP
 C = Vault XP percentage of total XP
 D = Non-vault monster count
 E = Vault monster count
 F = Vault count percentage of total count
                 A         B        C        D         E       F
            +---------+---------+-------+---------+---------+-------
      Total |     132 |      38 |  22.4 |      45 |       3 |   6.2
            +---------+---------+-------+---------+---------+-------
        D:1 |      21 |       3 |  12.5 |      15 |       2 |  11.8
        D:2 |      88 |       0 |   0.0 |      24 |       0 |   0.0
        D:3 |      23 |      35 |  60.3 |       6 |       1 |  14.3
            +---------+---------+-------+---------+---------+-------
